 Dungeon Crawl Stone Soup version 0.26.1-2-gb8aa6d0cf2 (webtiles) character file.

Game seed: 3942539357837055864

1403 Cykl0x the Slasher (level 8, -10/69 HPs)
             Began as a Minotaur Fighter on Mar 6, 2021.
             Was a Follower of the Shining One.
             Mangled by an orc warrior
             ... wielding a +0 hand axe
              (15 damage)
             ... on level 6 of the Dungeon on Mar 7, 2021.
             The game lasted 00:08:56 (5004 turns).

Cykl0x the Slasher (Minotaur Fighter)               Turns: 5004, Time: 00:08:56

Health: -10/69     AC: 11    Str: 24    XL:     8   Next: 42%
Magic:  9/9        EV:  7    Int:  5    God:    the Shining One [*.....]
Gold:   228        SH: 10    Dex:  9    Spells: 7/7 levels left

rFire    . . .     SeeInvis .   a - +1 long sword
rCold    . . .     Faith    .   c - +0 kite shield
rNeg     . . .     Spirit   .   q - +0 chain mail
rPois    .         Reflect  .   (helmet restricted)
rElec    .         Harm     .   p - +0 cloak
rCorr    .         Rampage  .   (no gloves)
Will     .....                  (no boots)
Stlth    ..........             t - amulet of regeneration
HPRegen  0.61/turn              (no ring)
MPRegen  0.11/turn              (no ring)

@: glowing
A: retaliatory headbutt, horns 2
a: Renounce Religion


You were on level 6 of the Dungeon.
You worshipped the Shining One.
The Shining One was aware of your devotion.
You visited 2 branches of the dungeon, and saw 7 of its levels.
You also visited: Sewer.

You collected 228 gold pieces.

Inventory:

Hand Weapons
 a - a +1 long sword (weapon)
 k - a +0 short sword of venom
Missiles
 g - 91 stones
 i - 7 curare-tipped darts
 n - 12 boomerangs (quivered)
Armour
 b - a +0 scale mail
 c - a +0 kite shield (worn)
 p - a +0 cloak (worn)
 q - a +0 chain mail (worn)
Jewellery
 t - an amulet of regeneration (around neck)
Scrolls
 e - a scroll of fear
 j - 4 scrolls of teleportation
 m - a scroll of amnesia
 r - a scroll of immolation
 u - 3 scrolls of remove curse
 v - 2 scrolls of identify
Potions
 d - 2 potions of might
 f - a potion of cancellation
 h - a potion of invisibility {unknown}
 l - 2 potions of haste
 o - 4 potions of flight
 s - a potion of heal wounds {unknown}
 w - a potion of ambrosia {unknown}
 x - a potion of curing


   Skills:
 + Level 5.4 Fighting
 + Level 7.0 Long Blades
 + Level 3.7 Throwing
 + Level 5.7 Armour
 + Level 3.0 Dodging
 + Level 5.9 Shields
 * Level 3.1 Invocations


You had 7 spell levels left.
You didn't know any spells.
Your spell library was empty.

Dungeon Overview and Level Annotations

Branches:
Dungeon (6/15)             Temple (1/1) D:4           Sewer (visited)

Altars:
Ashenzari
Cheibriados
Okawaru
Vehumet
Wu Jian
The Shining One


Innate Abilities, Weirdness & Mutations

You reflexively headbutt those who attack you in melee.
You have a pair of horns on your head.


Message History

The ogre hits you with a +0 giant club!!
You slash the ogre!
The ogre is heavily wounded.
The orc warrior hits you with a +0 hand axe!
The ogre hits you with a +0 giant club!!
* * * LOW HITPOINT WARNING * * *
You hit the ogre but do no damage.
You headbutt the ogre, but do no damage.
The ogre is heavily wounded.
The orc warrior barely misses you.
You riposte.
You hit the orc warrior but do no damage.
You headbutt the orc warrior, but do no damage.
The orc warrior is moderately wounded.
You feel better. You block the orc warrior's attack.
The ogre hits you with a +0 giant club.
* * * LOW HITPOINT WARNING * * *
You hit the ogre.
The ogre is severely wounded.
The orc warrior hits you with a +0 hand axe!
You die...

....#.......#...
....#.......#..........
..†....._.....#.......
....#.......# ...... .
....#.......#. .....# ..
....##.....##..#....#...
....####.####..#........
...............#†o.#....
...###'#.......#@O......
.#+###.#...##...........
....##.+....#....#..#...
....####....#....#..# .
.....###.........# .#
......##....##...# ##
................##
....#########.#.#
....#.. #...#


You could see an orc warrior and an ogre.

Vanquished Creatures
  Sigmund (D:3)
  An ice beast (D:5)
  An ogre (D:5)
  Blork the orc (D:6)
  A big kobold (Sewer)
  4 bullfrogs (D:6)
  A bullfrog zombie (D:5)
  5 hounds
  A jelly (D:5)
  Crazy Yiuf (D:3)
  A bullfrog skeleton (D:6)
  2 orc wizards
  An iguana (D:6)
  2 worker ants
  A hound zombie (D:6)
  A worker ant zombie (D:5)
  4 gnolls (D:6)
  4 adders
  3 river rats
  2 ufetubi
  An adder skeleton (D:6)
  2 worms (D:4)
  2 dart slugs (D:2)
  3 leopard geckos
  16 orcs
  9 giant cockroaches
  7 goblins
  8 hobgoblins
  6 jackals
  4 quokkas
  3 ball pythons
  5 bats
  4 frilled lizards
  13 kobolds
  9 rats
130 creatures vanquished.

Notes
Turn   | Place    | Note
-------+----------+-------------------------------------------
     0 | D:1      | Cykl0x the Minotaur Fighter began the quest for the Orb.
     0 | D:1      | Reached XP level 1. HP: 19/19 MP: 0/0
   393 | D:1      | Reached XP level 2. HP: 22/27 MP: 1/1
  1149 | D:2      | Reached XP level 3. HP: 33/33 MP: 2/2
  1547 | D:2      | Reached skill level 3 in Long Blades
  1946 | D:3      | Reached XP level 4. HP: 36/40 MP: 3/3
  2064 | D:3      | Reached skill level 1 in Dodging
  2066 | D:3      | Reached skill level 1 in Throwing
  2219 | D:3      | Found a runed translucent door.
  2220 | D:3      | Noticed Crazy Yiuf
  2230 | D:3      | Killed Crazy Yiuf
  2385 | D:3      | Reached XP level 5. HP: 46/46 MP: 4/4
  2449 | D:3      | Noticed Sigmund
  2461 | D:3      | Killed Sigmund
  2462 | D:3      | Reached skill level 4 in Long Blades
  2462 | D:3      | Reached XP level 6. HP: 49/53 MP: 5/5
  2805 | D:4      | Found a staircase to the Ecumenical Temple.
  2814 | Temple   | Entered the Ecumenical Temple
  2830 | Temple   | Became a worshipper of the Shining One
  3408 | D:4      | You fall into a shaft and drop 2 floors!
  3412 | D:6      | Found an iron altar of Okawaru.
  3499 | D:6      | Reached skill level 5 in Long Blades
  3513 | D:6      | Reached XP level 7. HP: 28/60 MP: 6/6
  3525 | D:6      | Reached skill level 5 in Armour
  3525 | D:6      | Reached skill level 1 in Invocations
  3726 | D:6      | Reached skill level 5 in Shields
  3730 | D:6      | Reached * piety under the Shining One
  3738 | D:6      | Reached skill level 5 in Fighting
  3885 | D:5      | Entered Level 5 of the Dungeon
  3983 | D:5      | Reached skill level 6 in Long Blades
  4041 | D:5      | Reached XP level 8. HP: 33/68 MP: 8/8
  4297 | D:5      | Found a glowing drain.
  4307 | Sewer    | Entered a sewer
  4411 | Sewer    | Found a glowing silver altar of Zin.
  4869 | D:6      | Noticed Blork the orc
  4880 | D:6      | Killed Blork the orc
  4995 | D:6      | Reached skill level 7 in Long Blades
  5001 | D:6      | HP: 2/69 [ogre/+0 giant club (24)]
  5004 | D:6      | Mangled by an orc warrior

Illustrated notes

Levels and vault maps discovered:
D:1:      minmay_arrival_split_and_join, layout_loops_ring, minmay_statues_item
D:2:      layout_basic, chequers_decorated_corner
D:3:      layout_rooms, uniq_sigmund, uniq_crazy_yiuf_cottage
D:4:      layout_gridville, minmay_temple_entry_gardened_gates
D:5:      layout_loops_ring, serial_glass, glass_columns_b, glass_columns_b,
          glass_columns_c, glass_columns_a, glass_columns_a, glass_columns_c,
          glass_columns_c, glass_columns_b, portal_sewer_entry_e
D:6:      layout_basic, old_standard_altar, lightli_temple_of_fire,
          minivault_27, hex_large, uniq_blork_the_orc
Temple:   eino_temple_scatter_basement

Skill      XL: |  1  2  3  4  5  6  7  8 |
---------------+-------------------------+-----
Fighting       | 4 5 |  5.4
Armour         | 4 5 |  5.7
Long Blades    | 3 4 5 6 7 |  7.0
Shields        | 4 5 |  5.9
Dodging        | 1 2 3 |  3.0
Throwing       | 1 2 3 |  3.7
Invocations    | 2 3 |  3.1

Action                   |  1- 3 |  4- 6 |  7- 9 || total
-------------------------+-------+-------+-------++-------
Melee: Long sword        |    92 |    68 |   130 ||   290
       Headbutt          |     9 |    10 |    24 ||    43
Throw: Dart              |     2 |     3 |       ||     5
       Stone             |    38 |       |       ||    38
       Boomerang         |    20 |    31 |    26 ||    77
  Use: Scroll            |     8 |     2 |     1 ||    11
       Potion            |       |       |     1 ||     1
Armor: Scale mail        |    37 |     4 |       ||    41
       Chain mail        |       |    19 |    51 ||    70
Dodge: Dodged            |    25 |    23 |    29 ||    77
Block: Kite shield       |    47 |    37 |    86 ||   170
       Rpst.: Long sword |     6 |     8 |    10 ||    24
